 Dungeon Crawl Stone Soup version 0.32-a0-931-g5a2cda0630 (webtiles) character file.

Game seed: 1873007788306582950

820 jasper the Ruffian (level 7, -1/44 HPs)
             Began as a Gargoyle Monk on Apr 13, 2024.
             Was an Elder of Uskayaw.
             Engulfed by a cloud of steam (7 damage)
             ... on level 6 of the Dungeon.
             The game lasted 00:06:02 (4229 turns).

jasper the Ruffian (Gargoyle Monk)                  Turns: 4229, Time: 00:06:03

Health: -1/44      AC: 11    Str: 17    XL:     7   Next: 95%
Magic:  5/9        EV: 11    Int: 10    God:    Uskayaw [****..]
Gold:   279        SH:  0    Dex: 12    Spells: 6/6 levels left

rFire   . .          .
                       - Unarmed
rCold   . . .        c - orb {light}
rNeg    + . .        g - +0 ring mail
rPois   ∞            (no helmet)
rElec   +            (no cloak)
rCorr   .            d - +1 pair of gloves
SInv    .            (no boots)
Will    .....        (no amulet)
Stlth   +            w - ring of flight
HPRegen 0.27/turn    (no ring)
MPRegen 0.11/turn

%: no passive effects
@: flying, glowing
A: sickness immunity, AC +4, negative energy resistance 1, electricity
resistance, torment resistance 1, petrification resistance
a: Renounce Religion, Stomp, Line Pass


You were on level 6 of the Dungeon.
You worshipped Uskayaw.
Uskayaw was noncommittal.
You visited 1 branch of the dungeon, and saw 6 of its levels.

You collected 279 gold pieces.

Inventory:

Missiles
 l - a throwing net
 n - 8 boomerangs
 o - 67 stones (quivered)
Armour
 a - a +0 robe
 c - an orb of light (worn)
 d - a +1 pair of gloves (worn)
 g - a +0 ring mail (worn)
Jewellery
 m - an amulet of magic regeneration
 s - a ring of ice
 w - a ring of flight (left hand)
Scrolls
 i - a scroll of enchant weapon
 r - a scroll of poison
Potions
 b - a potion of ambrosia
 e - 2 potions of haste
 f - 4 potions of attraction
 h - a potion of might
 j - 2 potions of lignification
 k - a potion of magic
 p - 2 potions of brilliance
 q - a potion of berserk rage {unknown}
 t - 2 potions of curing
 u - a potion of degeneration {unknown}
 v - a potion of heal wounds {unknown}


   Skills:
 + Level 5.4 Fighting
 + Level 4.0 Dodging
 * Level 6.2 Unarmed Combat
 + Level 3.7 Invocations


You had 6 spell levels left.
You didn't know any spells.
Your spell library contained the following spells:

 Spells                   Type           Power      Damage    Failure   Level
 Magic Dart               Conj           0%         1d3       56%         1
 Blink                    Tloc           0%         N/A       71%         2
 Call Imp                 Summ           0%         N/A       71%         2
 Hailstorm                Conj/Ice       0%         3d5       91%         3
 Summon Ice Beast         Ice/Summ       0%         N/A       91%         3
 Ignite Poison            Fire/Alch      0%         N/A       100%        4
 Freezing Cloud           Conj/Ice/Air   0%         6-21      100%        5
 Permafrost Eruption      Ice/Erth       0%         2x4d1     100%        6
 Sculpt Simulacrum        Ice/Alch       0%         N/A       100%        6
 Cigotuvi's Dreadful Rot  Necr/Alch/Air  Unusable   N/A       N/A         2

Dungeon Overview and Level Annotations

Branches:
Dungeon (6/15)
 Temple: D:4-7

Altars:
Uskayaw
Vehumet

Annotations:
D:4 exclusion: statue


Innate Abilities, Weirdness & Mutations

You are immune to sickness and miasma.
Your stone body is resilient. (AC +4)
You are immune to poison.
You resist negative energy. (rN+)
You are resistant to electric shocks. (rElec)
You are resistant to unholy torment.
You are immune to petrification.


Message History

The hound is heavily wounded.
The hound barely misses you. The hound bites you but does no damage.
You barely miss the hound.
The hound is heavily wounded.
The hound bites you but does no damage.
Aiming: Line Pass
Press: ? - help, Dir - move target The steam dragon appears confused.
Found a stone staircase leading down.
The steam dragon bites you.
The steam dragon claws you but does no damage.
You take 5 damage, and have 18/44 hp.
You now have 5/9 mp.
You hit the steam dragon.
The steam dragon is moderately wounded.
The steam dragon misses the hound.
The steam dragon claws the hound but does no damage.
Uskayaw will force your foes to helplessly watch your dance.
You hit the steam dragon.
The steam dragon is moderately wounded.
The steam dragon seems less confused.
The steam dragon closely misses you.
The steam dragon claws you but does no damage.
You punch the steam dragon!
The steam dragon is severely wounded.
The steam dragon bites you. The steam dragon barely misses you.
You take 2 damage, and have 16/44 hp.
You hit the steam dragon.
The steam dragon is severely wounded.
Uskayaw will force your foes to share their pain.
Uskayaw links your audience in an emotional bond!
You hit the steam dragon.
The steam dragon is almost dead.
You are no longer corroded.
The steam dragon breathes steam at you. The ball of steam hits you!
* * * LOW HITPOINT WARNING * * *
You take 11 damage, and have 6/44 hp.
MASSIVE DAMAGE!!
You punch the steam dragon!
You kill the steam dragon!
You are engulfed in a cloud of scalding steam.
You die...
Your body falls in perfect tune with the rhythm.

.≈≈≈≈≈~≈S≈DS~#.#
#.#
~..~.~...~~~~#.#
#.# ####
≈[≈≈≈≈≈~≈≈S≈≈.#.#
#.# #...
≈~≈♣♣♣≈.≈♣♣♣≈.#.#
#.###.## ≈.≈
♣≈h≈♣ ♣≈~#.#
#.....# ≈. ♣≈.≈♣
♣≈~#.# #######
≈≈≈~≈≈ ≈≈~#h#
~~.~. ~~.#†# #@#
♣≈..§.# ♣≈..§.#
♣≈.§.§# ≈≈≈.§.§.
~.........
#..........
#>####...#.#


You could see a hound (pain bonded).

Vanquished Creatures
  A steam dragon (D:6)
  An ice beast (D:6)
  A phantom (D:5)
  3 scorpions
  3 hounds (D:5)
  3 orc priests
  2 jellies
  A sleepcap (D:5)
  An iguana (D:5)
  An orc wizard (D:3)
  3 gnolls (D:3)
  An adder (D:4)
  An ufetubus (D:5)
  3 dart slugs
  16 orcs
  4 bats
  5 endoplasms
  2 giant cockroaches
  10 goblins
  5 hobgoblins
  4 jackals
  5 kobolds
  5 quokkas
  10 ball pythons
  4 frilled lizards
  3 rats
98 creatures vanquished.

Vanquished Creatures (collateral kills)
  An ufetubus (D:5)
1 creature vanquished.

Grand Total: 99 creatures vanquished

Notes
Turn   | Place    | Note
-------+----------+-------------------------------------------
     0 | D:1      | jasper the Gargoyle Monk began the quest for the Orb.
     0 | D:1      | Reached XP level 1. HP: 14/14 MP: 1/1
   120 | D:1      | Found a faded altar of an unknown god.
   126 | D:1      | Prayed at the altar of an unknown god.
   126 | D:1      | Became a worshipper of Uskayaw the Reveller
   126 | D:1      | Reached * piety under Uskayaw
   126 | D:1      | Reached ** piety under Uskayaw
   169 | D:1      | Reached XP level 2. HP: 19/19 MP: 2/2
   517 | D:1      | Reached XP level 3. HP: 19/23 MP: 3/3
  1610 | D:3      | Reached skill level 4 in Unarmed Combat
  1610 | D:3      | Reached skill level 1 in Invocations
  1610 | D:3      | Reached XP level 4. HP: 24/29 MP: 4/4
  1616 | D:3      | Reached *** piety under Uskayaw
  1851 | D:3      | Reached **** piety under Uskayaw
  1941 | D:3      | Reached XP level 5. HP: 26/33 MP: 6/6
  2510 | D:4      | Reached XP level 6. HP: 39/39 MP: 7/7
  2546 | D:4      | Found a radiant altar of Vehumet.
  2717 | D:4      | Reached skill level 5 in Unarmed Combat
  2750 | D:4      | Noticed a black bear
  2832 | D:5      | Entered Level 5 of the Dungeon
  3066 | D:5      | Reached XP level 7. HP: 27/44 MP: 4/9
  3331 | D:5      | Reached skill level 5 in Fighting
  4070 | D:6      | Reached skill level 6 in Unarmed Combat
  4187 | D:6      | Noticed a steam dragon
  4229 | D:6      | Killed a steam dragon
  4229 | D:6      | Engulfed by a cloud of steam

Illustrated notes

Levels and vault maps discovered:
D:1:      dpeg_arrival_lava_altar, layout_loops_ring,
          ebering_ecumenical_altar_hall
D:2:      layout_rooms, minmay_unequal
D:3:      layout_loops_ring, feat_on_display
D:4:      layout_loops_ring, vehumet_statue, uniq_robin
D:5:      layout_loops_corners
D:6:      layout_loops_ring, lemuel_temple_firewalk_b, kennysheep_boxes

Skill      XL: |  1  2  3  4  5  6  7 |
---------------+----------------------+-----
Unarmed Combat | 4 5 6 |  6.2
Invocations    | 1 2 3 |  3.7
Fighting       | 4 5 |  5.4
Dodging        | 3 4 |  4.0

Action                     |  1- 3 |  4- 6 |  7- 9 || total
---------------------------+-------+-------+-------++-------
  Melee: Unarmed           |   136 |   147 |    97 ||   380
 Invoke: Line Pass         |       |     1 |     3 ||     4
    Use: Scroll            |     5 |     8 |     3 ||    16
         Potion            |       |     1 |       ||     1
   Stab: Paralysed         |       |     4 |     2 ||     6
 Armour: Robe              |    10 |       |       ||    10
         Ring mail         |    69 |    82 |    59 ||   210
  Dodge: Dodged            |    69 |    78 |    41 ||   188

Table legend: (Time is in decaauts)
 A = Elapsed time spent in this place.
 B = Non-inter-level travel time spent in this place.
 C = Inter-level travel time spent in this place.
 D = Time resting spent in this place.
 E = Time spent auto-exploring this place.
 F = Levels seen in this place.
 G = Mean time per level.
                   A        B        C        D        E       F      G
               +--------+--------+--------+--------+--------+-----+--------+
         Total |   4194 |   3967 |    227 |    148 |   2902 |   6 |  699.0 |
       Dungeon |   4194 |   3967 |    227 |    148 |   2902 |   6 |  699.0 |
               +--------+--------+--------+--------+--------+-----+--------+

Top non-repeatable levels by time:
     D:5: 1083 daAuts
     D:1: 974 daAuts
     D:3: 913 daAuts
     D:2: 533 daAuts
     D:4: 392 daAuts
     D:6: 297 daAuts
